 Dungeon Crawl Stone Soup version 0.29.1-13-g9f3cf754e1 (webtiles) character file.

Game seed: 49206012243301485

1360 McKennaii the Conjurer (level 8, -1/57 HPs)
             Began as a Demigod Conjurer on Jan 28, 2023.
             Succumbed to an orc warrior's poison
             ... on level 5 of the Dungeon.
             The game lasted 00:06:42 (6801 turns).

McKennaii the Conjurer (Demigod Conjurer)           Turns: 6801, Time: 00:06:43

Health: -1/57      AC:  4    Str:  8    XL:     8   Next: 15%
Magic:  12/19      EV: 14    Int: 28    God:
Gold:   209        SH:  0    Dex: 12    Spells: 10/17 levels left

rFire   . . .      SeeInvis .   B - +4 war axe (flame)
rCold   . . .      Faith    .   (no shield)
rNeg    . . .      Spirit   .   a - +0 robe
rPois   .          Reflect  .   p - +1 helmet
rElec   .          Harm     .   (no cloak)
rCorr   .          Rampage  .   (no gloves)
Will    .....                   (no boots)
Stlth   ++........              (no amulet)
HPRegen 0.19/turn               (no ring)
MPRegen 0.16/turn               (no ring)

@: lethally poisoned (-1 -> -52)
A: high MP 1, forlorn, divine attributes
a: no special abilities


You were on level 5 of the Dungeon.
You visited 1 branch of the dungeon, and saw 6 of its levels.

You collected 209 gold pieces.

Inventory:

Hand Weapons
 B - a +4 war axe of flaming (weapon)
Armour
 a - a +0 robe (worn)
 p - a +1 helmet (worn)
Jewellery
 s - an amulet of guardian spirit
 w - a ring of protection from fire
 z - a +4 ring of evasion
Wands
 q - a wand of quicksilver (6)
 u - a wand of paralysis (7)
 x - a wand of iceblast (7)
 y - a wand of flame (12)
Scrolls
 c - 3 scrolls of fear {unknown}
 d - 5 scrolls of teleportation {unknown}
 g - 7 scrolls of identify {unknown}
 i - 2 scrolls of enchant armour {unknown}
 j - a scroll of immolation {unknown}
 k - a scroll of enchant weapon {unknown}
 m - 3 scrolls of fog {unknown}
 o - 3 scrolls of poison {unknown}
 r - a scroll of amnesia {unknown}
 t - a scroll of silence {unknown}
 v - a scroll of noise {unknown}
 A - a scroll of vulnerability {unknown}
Potions
 b - a potion of magic
 e - 3 potions of heal wounds {unknown}
 f - a potion of experience {unknown}
 h - 5 potions of might {unknown}
 l - a potion of berserk rage {unknown}
 n - a potion of ambrosia {unknown}


   Skills:
 + Level 5.6 Dodging
 - Level 2.0 Stealth
 + Level 5.2 Spellcasting
 + Level 6.5 Conjurations


You had 10 spell levels left.
You knew the following spells:

 Your Spells              Type           Power      Damage    Failure   Level
a - Magic Dart            Conj           100%       1d8       1%          1
b - Searing Ray           Conj           86%        2d7       1%          2
c - Iskenderun's Mystic   Conj/Tloc      25%        2d7       17%         4

Your spell library contained the following spells:

 Spells                   Type           Power      Damage    Failure   Level
 Dazzling Flash           Conj/Hex       50%        N/A       5%          3
 Fulminant Prism          Conj/Hex       12%        3d9       17%         4
 Gell's Gravitas          Tloc           7%         N/A       21%         3
 Teleport Other           Tloc           7%         N/A       21%         3
 Dispersal                Tloc           3%         N/A       100%        6


Dungeon Overview and Level Annotations

Branches:
Dungeon (6/15)             Temple (0/1) D:5


Innate Abilities, Weirdness & Mutations

You have an increased reservoir of magic. (+10% MP)
You shall have no god before yourself.
Your divine heritage dramatically boosts your attributes as you level up.


Message History

Unknown command.
The magic dart hits the orc warrior.
The orc warrior is moderately wounded.
Casting: Magic Dart (safe; 1% risk of failure)
Confirm with . or Enter, or press ? or * to list all spells.
Aiming: Searing Ray (safe; 1% risk of failure)
Press: ? - help, Shift-Dir - straight line, f/p - orc warrior
Aim: an orc warrior, wielding a +1 halberd of venom and wearing a +0 chain mail (moderately wounded, 80% to hit)
The searing ray misses the orc warrior. (Press . to maintain the ray.) Unknown command.
The searing ray hits the orc warrior.
The orc warrior is heavily wounded.
Unknown command.
The searing ray hits the orc warrior.
The orc warrior is heavily wounded.
The orc warrior barely misses you.
Unknown command.
The searing ray hits the orc warrior.
The orc warrior is severely wounded.
You finish channelling your searing ray.
The orc warrior hits you from afar with a +1 halberd of venom.
You are poisoned.
Unknown command.
Casting: Searing Ray (safe; 1% risk of failure)
Confirm with . or Enter, or press ? or * to list all spells.
Aiming: Searing Ray (safe; 1% risk of failure)
Press: ? - help, Shift-Dir - straight line, f/p - orc warrior
Aim: an orc warrior, wielding a +1 halberd of venom and wearing a +0 chain mail (severely wounded, 80% to hit)
The searing ray misses the orc warrior. (Press . to maintain the ray.)
You feel sick.
The orc warrior hits you from afar with a +1 halberd of venom!
You are more poisoned.
You feel very sick.
The orc warrior hits you from afar with a +1 halberd of venom!!
* * * LOW HITPOINT WARNING * * *
You are more poisoned.
You climb upwards.
You die...

#..####...#..#
#..#..'...#..#
#..##.#⌠8⌠#..##
#..########...###
#...............#
######.[...........##
#..##.............##.
#.............###.#..
#...@.........###.#.#
##.##..........#..#..
#.##....#.......###.
#####..###.#..#..#.#
###..>#..#..##.#..
#...........##.#..
#..............###
#...<...........##
##................


There were no monsters in sight!

Vanquished Creatures
  Grinder (D:5)
  A black bear (D:4)
  3 ogres (D:5)
  A centaur (D:6)
  A phantom (D:5)
  Blork the orc (D:5)
  2 necrophages (D:5)
  A scorpion (D:5)
  A hound (D:5)
  A gnoll bouda (D:3)
  A jelly (D:5)
  2 iguanas (D:5)
  Ijyb (D:5)
  Terence (D:3)
  Robin (D:2)
  9 gnolls (D:4)
  5 adders
  A white imp (D:4)
  2 worms (D:4)
  5 dart slugs
  7 orcs
  6 bats
  3 endoplasms (D:2)
  A giant cockroach (D:4)
  12 goblins
  12 hobgoblins
  4 kobolds
  6 quokkas
  12 ball pythons
  5 frilled lizards
  3 rats
112 creatures vanquished.

Vanquished Creatures (others)
  2 plants (D:3)
2 creatures vanquished.

Grand Total: 114 creatures vanquished

Notes
Turn   | Place    | Note
-------+----------+-------------------------------------------
     0 | D:1      | McKennaii the Demigod Conjurer began the quest for the Orb.
     0 | D:1      | Reached XP level 1. HP: 14/14 MP: 5/5
   477 | D:1      | Reached XP level 2. HP: 20/20 MP: 2/7
  1865 | D:2      | Reached skill level 4 in Conjurations
  1865 | D:2      | Reached XP level 3. HP: 26/26 MP: 5/9
  2037 | D:1      | Learned a level 2 spell: Searing Ray
  2287 | D:2      | Noticed Robin
  2312 | D:2      | Killed Robin
  2670 | D:3      | Noticed Terence
  3035 | D:3      | Killed Terence
  3036 | D:3      | Reached XP level 4. HP: 30/33 MP: 2/10
  3043 | D:3      | Learned a level 4 spell: Iskenderun's Mystic Blast
  4094 | D:4      | Reached XP level 5. HP: 38/38 MP: 8/12
  4618 | D:4      | Noticed a black bear
  4819 | D:4      | Killed a black bear
  4820 | D:4      | Reached skill level 5 in Conjurations
  4820 | D:4      | Reached XP level 6. HP: 45/45 MP: 5/14
  4963 | D:5      | Entered Level 5 of the Dungeon
  5255 | D:5      | Reached XP level 7. HP: 10/50 MP: 4/16
  5537 | D:5      | Found a staircase to the Ecumenical Temple.
  5579 | D:5      | Noticed Ijyb
  5585 | D:5      | Killed Ijyb
  5585 | D:5      | Noticed Grinder
  5773 | D:5      | Killed Grinder
  5774 | D:5      | Reached skill level 5 in Dodging
  5774 | D:5      | Reached skill level 6 in Conjurations
  6161 | D:5      | Noticed Blork the orc
  6167 | D:5      | Killed Blork the orc
  6168 | D:5      | Reached skill level 5 in Spellcasting
  6204 | D:5      | Reached XP level 8. HP: 57/57 MP: 12/19
  6801 | D:5      | Succumbed to an orc warrior's poison

Illustrated notes

Levels and vault maps discovered:
D:1:      evilmike_arrival_rings, layout_loops_corners, roderic_serpentine_path
D:2:      layout_loops_ring, uniq_robin
D:3:      layout_basic, tso_oasis_becter, grunt_gozag_breadcrumbs,
          lemuel_crystal_altar, hellmonk_ecumenical_altar_defaced_shrine,
          eino_tiny_chamber, minmay_shallow_snake_nest, uniq_terence
D:4:      layout_rooms, zin_academy
D:5:      dreamdust_elfheim, layout_cave_pools, marbit_many_paths,
          temple_fountains, lemuel_flame_loot_1, uniq_grinder, uniq_ijyb,
          uniq_blork_the_orc
D:6:      layout_basic, lemuel_coloured_pillars_altar, elyvilon_altar_3,
          uniq_duvessa

Skill      XL: |  1  2  3  4  5  6  7 |
---------------+----------------------+-----
Dodging        | 2 3 4 5 |  5.6
Stealth        | 2 |  2.0
Spellcasting   | 2 3 4 5 |  5.2
Conjurations   | 4 5 6 |  6.5

Action                   |  1- 3 |  4- 6 |  7- 9 || total
-------------------------+-------+-------+-------++-------
 Cast: Magic Dart        |   103 |    98 |    33 ||   234
       Searing Ray       |     3 |    14 |    13 ||    30
Evoke: Wand              |       |       |     6 ||     6
Armor: Robe              |     1 |     6 |     1 ||     8
Dodge: Dodged            |     6 |    15 |     9 ||    30
